AoeStats
← Espheni

Arena

509716164Analyzed
2v2 RM · 5d ago on Sep 27, 2026· 37m 7s· 4 players
Game mode
Random Map
Map size
Medium (4 player)
Population
200
Speed
Normal
Resources
Standard
Victory
Conquest
Starting age
Dark Age
Ending age
Imperial Age
RankedLock teamsTeams togetherTeam positionsShared explorationLock speedFull tech treeHidden civsTurbo modeCheats
Victory
Defeat
🇩🇪 Vietnamese · Germany
1462
+13
🇩🇪 Danes · Germany
1452
+13
🇨🇱 Bohemians · Chile
1401
-13
🇹🇼 Tupi · Taiwan
1400
-13
慢工出細活
6:49 Loom
9:02 Feudal Age
9:23 Champi Runner
9:51 Arson
14:11 Fletching
16:46 Double-Bit Axe
17:19 Horse Collar
24:07 Castle Age
22:27 Scale Mail Armor
23:41 Gold Mining
24:18 Padded Archer Armor
24:18 Champi Warrior
25:14 Forging
25:45 Bow Saw
26:28 Bodkin Arrow
27:49 Sanctity
27:34 Squires
30:00 Leather Archer Armor
30:34 Wheelbarrow
31:47 Wheelbarrow
33:45 Imperial Age
32:16 Leather Archer Armor
33:21 Heavy Plow
Wujugor
6:36 Loom
9:14 Feudal Age
9:48 Double-Bit Axe
11:26 Fletching
13:52 Horse Collar
21:27 Castle Age
24:43 Bow Saw
25:05 Bodkin Arrow
27:56 Wheelbarrow
27:22 Heavy Plow
31:35 Redemption
31:46 Sanctity
36:08 Hand Cart
Espheni
10:21 Feudal Age
14:07 Castle Age
12:42 Loom
12:58 Horse Collar
13:23 Double-Bit Axe
13:57 Fletching
17:27 Bow Saw
18:12 Bow Saw
18:06 Heavy Plow
20:03 Scale Mail Armor
22:25 Arson
23:26 Squires
25:58 Wheelbarrow
27:34 Chain Mail Armor
31:05 Imperial Age
28:46 Gambesons
29:00 Gold Mining
30:04 Chain Mail Armor
30:25 Forging
31:18 Capped Ram
32:30 Plate Mail Armor
31:53 Elite Varangian Guard
33:23 Iron Casting
RockAmEdsch
10:24 Feudal Age
11:36 Loom
15:06 Castle Age
15:49 Scale Barding Armor
19:19 Bloodlines
20:25 Double-Bit Axe
34:04 Wheelbarrow
Connection lost

Rejoining the realm…

Still unreachable

The connection could not be restored.

Session expired

The server has moved on; the page needs a fresh start.